 Dungeon Crawl Stone Soup version 0.19-a0-1886-gd64a0f0 (webtiles) character file.

10755 Amnesiac the Protected (level 11, -5/103 HPs)
             Began as a Halfling Berserker on Oct 15, 2016.
             Was a High Priest of Trog.
             Slain by a frost giant
             ... wielding a +1 battleaxe of freezing
              (10 damage)
             ... in an ice cave.
             The game lasted 00:20:07 (10715 turns).

Amnesiac the Protected (Halfling Berserker)        Turns: 10715, Time: 00:20:07

Health: -5/103     AC: 24    Str: 23    XL:     11   Next: 98%
Magic:  11/11      EV: 15    Int:  2    God:    Trog [*****.]
Gold:   539        SH:  0    Dex: 16    Spells: 0 memorised, 10 levels left

rFire  x . .     SeeInvis .     v - +4 dagger (venom)
rCold  + . .     Gourm    .     H - +0 plate armour
rNeg   . . .     Faith    .     (shield restricted)
rPois  .         Spirit   .     w - +2 helmet
rElec  .         Dismiss  .     b - +0 cloak
rCorr  .         Reflect  .     J - +0 pair of gloves
MR     .....     Harm     .     (no boots)
Stlth  ..........               y - amulet of inaccuracy (curse)
                                t - ring of ice
                                F - -3 ring of intelligence (curse)

@: berserking, flying, very slightly contaminated, hasted, very quick
A: molten scales 1, thin metallic scales 1, clumsy 1, frail 1, mutation
resistance 1
a: Berserk, Trog's Hand, Brothers in Arms, Burn Spellbooks, Renounce Religion


You were in an ice cave.
You worshipped Trog.
Trog was extremely pleased with you.
You were not hungry.

You visited 2 branches of the dungeon, and saw 9 of its levels.
You also visited: Ice Cave.

You collected 539 gold pieces.

Inventory:

Hand Weapons
 v - a +4 dagger of venom (weapon)
Missiles
 x - 5 needles of confusion
 C - a throwing net (quivered)
Armour
 b - a +0 cloak (worn)
 w - a +2 helmet (worn)
 H - a +0 plate armour (worn)
 J - a +0 pair of gloves (worn)
Jewellery
 t - a ring of ice (right hand)
 y - a cursed amulet of inaccuracy (around neck)
 F - a cursed -3 ring of intelligence (left hand)
Wands
 a - a wand of acid (9/15)
 n - a wand of acid (6/15)
 p - a wand of lightning (7/15)
 u - a wand of teleportation (5/9)
 I - a wand of paralysis (13/24)
Scrolls
 d - 3 scrolls of enchant weapon
 h - 5 scrolls of recharging
 i - 3 scrolls of enchant armour
 z - a scroll of fog
 E - 2 scrolls of immolation
Potions
 q - a potion of flight
 r - 3 potions of magic
 B - 2 potions of brilliance
Comestibles
 c - 9 bread rations
 f - 6 chunks of flesh
 l - 7 fruits
 m - 2 meat rations
 D - 6 beef jerkies


   Skills:
 + Level 8.0 Fighting
 - Level 8.0 Short Blades
 + Level 7.5 Throwing
 + Level 9.1 Armour
 + Level 9.0 Dodging
 + Level 7.9 Stealth


You had 10 spell levels left.
You didn't know any spells.

Dungeon Overview and Level Annotations

Branches:
Dungeon (8/15)             Temple (0/1) D:7            Lair (1/6) D:8

Altars:
Dithmenos
Gozag
Hepliaklqana
Makhleb
Ru
Sif Muna
Uskayaw
Vehumet
Xom
Yredelemnul
Zin


Innate Abilities, Weirdness & Mutations

You are small and have problems with some larger weapons.
You are somewhat resistant to further mutation.
You are partially covered in molten scales. (AC +2)
You are partially covered in thin metallic scales. (AC +2)
You are clumsy. (Dex -2)
You are frail. (-10% HP)


Message History

You puncture the frost giant!
The frost giant looks as sick as possible!
The frost giant is heavily wounded.
You closely miss the frost giant.
The frost giant is heavily wounded.
The frost giant hits you but does no damage.
You hit the frost giant but do no damage.
The frost giant looks as sick as possible!
The frost giant is heavily wounded.
The yak misses you.
You hit the frost giant but do no damage.
The frost giant looks as sick as possible!
The frost giant is heavily wounded.
You hit the frost giant.
The frost giant is heavily wounded.
The yak barely misses you.
You closely miss the frost giant.
The frost giant is heavily wounded.
The frost giant hits you with a battleaxe of freezing!
You die... #§§####.## ##§§##.## ##.##.## #§.##.# ##.##.## . ##§.###Y# YY ##§§.###k## .Ck

#...#.[##Y# ..h
#...#.###@# ..#
#..###.≈#C##..#
#..# ##≈#....#
#.## ≈#≈≈##.##
#.##≈≈≈≈≈≈###
##.##≈≈≈≈≈##
#.#≈≈≈≈≈≈≈≈
##≈≈≈≈≈≈≈≈≈
##≈≈≈≈≈≈≈≈≈≈


You could see a frost giant, 2 yaks and a rime drake.

Vanquished Creatures
  2 death yaks (IceCv)
  Pikel (D:8)
  An ice statue (IceCv)
  15 polar bears (IceCv)
  4 blink frogs (Lair:1)
  Sigmund (D:3)
  11 yaks (IceCv)
  Grum (D:8)
  Edmund (D:5)
  3 sky beasts
  An orc warrior (D:6)
  3 slaves (D:8)
  A phantom (D:8)
  3 ogres
  A centaur (D:8)
  15 wolves
  A bullfrog (D:8)
  3 scorpions
  4 howler monkeys
  A bullfrog zombie (D:7)
  2 centaur zombies (D:8)
  4 hounds
  A jelly (D:8)
  A centaur skeleton (D:6)
  2 orc priests (D:5)
  4 iguanas
  6 orc wizards
  2 worker ants
  A hound zombie (D:5)
  A hound skeleton (D:7)
  Robin (D:3)
  A gnoll (D:1)
  A howler monkey skeleton (D:5)
  9 adders
  A shadow imp (D:6)
  2 oozes
  4 worms
  2 dart slugs
  6 leopard geckos
  24 orcs
  2 ball pythons (D:2)
  6 bats
  5 giant cockroaches
  18 goblins
  13 hobgoblins
  7 jackals
  5 quokkas
  5 frilled lizards
  7 kobolds
  6 rats
222 creatures vanquished.

Vanquished Creatures (others)
  2 yaks (IceCv)
  A slave (D:8)
  5 wolves (IceCv)
8 creatures vanquished.

Grand Total: 230 creatures vanquished

Notes
Turn   | Place    | Note
-------+----------+-------------------------------------------
     0 | D:1      | Amnesiac the Halfling Berserker began the quest for the Orb.
     0 | D:1      | Reached XP level 1. HP: 15/15 MP: 1/1
   218 | D:1      | Reached XP level 2. HP: 9/20 MP: 2/2
   875 | D:1      | Reached XP level 3. HP: 15/25 MP: 3/3
  1411 | D:2      | Reached XP level 4. HP: 18/31 MP: 4/4
  1680 | D:2      | Reached ** piety under Trog
  2130 | D:3      | Reached skill level 5 in Short Blades
  2312 | D:3      | Found a faded altar of an unknown god.
  2327 | D:3      | Reached XP level 5. HP: 15/36 MP: 5/5
  2584 | D:3      | Noticed Sigmund
  2692 | D:3      | Killed Sigmund
  2692 | D:3      | Reached XP level 6. HP: 23/42 MP: 6/6
  2962 | D:3      | Noticed a hand axe
  2962 | D:3      | Found a hide-covered altar of Uskayaw.
  2963 | D:3      | Noticed a hand axe
  3248 | D:4      | Noticed Robin
  3315 | D:3      | Killed Robin
  3315 | D:3      | Reached *** piety under Trog
  3490 | D:4      | Reached XP level 7. HP: 39/47 MP: 7/7
  3568 | D:4      | Found a shadowy altar of Dithmenos.
  4094 | D:5      | Entered Level 5 of the Dungeon
  4160 | D:5      | Noticed Edmund
  4188 | D:5      | Killed Edmund
  4188 | D:5      | Reached XP level 8. HP: 39/54 MP: 8/8
  4254 | D:5      | Gained mutation: You are clumsy. (Dex -2) [mutagenic meat]
  4263 | D:5      | Gained mutation: You are partially covered in molten scales. (AC +2) [mutagenic meat]
  4489 | D:5      | Reached **** piety under Trog
  4492 | D:5      | Reached skill level 5 in Dodging
  4889 | D:5      | Reached skill level 5 in Fighting
  4943 | D:5      | Found a sacrificial altar of Ru.
  5032 | D:6      | Reached skill level 5 in Armour
  5171 | D:6      | Reached skill level 1 in Throwing
  5318 | D:6      | Found an opulent altar of Gozag.
  5389 | D:6      | Found a burning altar of Makhleb.
  5478 | D:6      | Reached XP level 9. HP: 49/61 MP: 9/9
  5549 | D:6      | Found a glowing silver altar of Zin.
  5889 | D:7      | Reached skill level 1 in Stealth
  5960 | D:7      | Found a hazy altar of Hepliaklqana.
  6117 | D:7      | Gained mutation: You are partially covered in thin metallic scales. (AC +2) [mutagenic meat]
  6282 | D:7      | Found a deep blue altar of Sif Muna.
  6363 | D:7      | Found a staircase to the Ecumenical Temple.
  6513 | D:8      | Noticed Grum
  6516 | D:8      | Killed Grum
  6531 | D:8      | Received a gift from Trog
  7106 | D:8      | Noticed Pikel
  7135 | D:8      | Killed Pikel
  7135 | D:8      | Reached XP level 10. HP: 59/68 MP: 10/10
  7306 | D:8      | Found a radiant altar of Vehumet.
  7312 | D:8      | Found a basalt altar of Yredelemnul.
  7318 | D:8      | Found a shimmering altar of Xom.
  7427 | D:8      | Found a staircase to the Lair.
  7552 | D:8      | Reached skill level 5 in Throwing
  7789 | Lair:1   | Entered Level 1 of the Lair of Beasts
  7809 | Lair:1   | Reached skill level 5 in Stealth
  7909 | Lair:1   | Noticed a komodo dragon
  7911 | Lair:1   | Found a frozen archway.
  7913 | Lair:1   | Noticed a five-headed hydra
  7924 | IceCv    | Entered an ice cave
  8575 | IceCv    | Noticed an ice statue
  8599 | IceCv    | Killed an ice statue
  8603 | IceCv    | Identified the Grimoire of Supportive Stones
  8746 | IceCv    | Reached XP level 11. HP: 33/75 MP: 11/11
  9085 | IceCv    | Reached ***** piety under Trog
  9627 | IceCv    | Noticed a death yak
  9628 | IceCv    | Noticed a death yak
  9678 | IceCv    | Killed a death yak
  9710 | IceCv    | Killed a death yak
  9958 | IceCv    | Noticed a frost giant
  9972 | IceCv    | Gained mutation: You are frail. (-10% HP) [potion of mutation]
 10704 | IceCv    | HP: 5/103 [frost giant/battleaxe of freezing (2)]
 10715 | IceCv    | Slain by a frost giant

Vault maps used:
D:1:      saegor_arrival_simple_c
D:2:      minmay_pentomino_w4
D:3:      dancing_weapons_uskayaw, ecumenical_altar_2, first_bread, uniq_sigmund
D:4:      grunt_dithmenos_smoke_and_mirrors, uniq_robin
D:5:      nicolae_ru_the_path_less_chosen, uniq_edmund
D:6:      zin_scriptorium, kennysheep_little_box,
          nicolae_gozag_cash_rules_everything_around_me
D:7:      nicolae_overflow_crystal_walls, led_sif_book
D:8:      minitemple, lair_0_dummy, amethyst_killhole, grunt_ogre_cave,
          uniq_grum, uniq_pikel
Lair:1:   portal_ice_cave_entry_pillars_1
IceCv:    ice_cave_caverns_02

Skill      XL: |  1  2  3  4  5  6  7  8  9 10 11 |
---------------+----------------------------------+-----
Short Blades   | 4 5 6 7 8 |  8.0
Fighting       | 3 4 5 6 7 8 |  8.0
Armour         | 3 4 5 6 7 9 |  9.1
Dodging        | 3 4 5 6 7 9 |  9.0
Throwing       | 3 4 6 7 |  7.5
Stealth        | 4 6 7 |  7.9

Action                   |  1- 3 |  4- 6 |  7- 9 | 10-12 || total
-------------------------+-------+-------+-------+-------++-------
Melee: Short sword       |   108 |   156 |       |       ||   264
       Dagger            |       |    36 |   386 |   430 ||   852
Throw: Tomahawk          |       |       |     6 |       ||     6
Invok: Berserk           |     3 |     3 |     3 |    13 ||    22
       Burn Spellbooks   |       |       |       |     1 ||     1
Evoke: Wand              |       |       |       |     1 ||     1
  Use: Scroll            |       |       |    17 |    10 ||    27
       Potion            |       |       |       |     8 ||     8
 Stab: Sleeping          |     3 |     1 |     5 |     1 ||    10
       Distracted        |       |       |       |     2 ||     2
  Eat: Chunk             |     4 |    10 |    23 |     7 ||    44
       Beef jerky        |       |       |     1 |       ||     1
       Meat ration       |       |       |       |     2 ||     2
       Bread ration      |       |       |       |     2 ||     2
Armor: Animal skin       |     7 |    11 |       |       ||    18
       Leather armour    |       |     6 |    60 |    10 ||    76
       Plate armour      |       |       |       |   197 ||   197
       Skin              |       |       |       |     4 ||     4
Dodge: Dodged            |    74 |   142 |   178 |   224 ||   618
